 Dungeon Crawl Stone Soup version 0.31-a0-692-gf03d1854d5 (webtiles) character file.

Game seed: 1589279289135150599

374 qw the Shooter (level 6, -1/38 HPs)
             Began as a Gargoyle Hunter on Sept 6, 2023.
             Slain by a scorpion (3 damage)
             ... on level 5 of the Dungeon.
             The game lasted 00:01:16 (2628 turns).

qw the Shooter (Gargoyle Hunter)                    Turns: 2628, Time: 00:01:16

Health: -1/38      AC: 10    Str: 14    XL:     6   Next: 72%
Magic:  6/6        EV: 12    Int: 10    God:
Gold:   220        SH:  0    Dex: 15    Spells: 5/5 levels left

rFire   + . .        Y - +1 shortbow
rCold   . . .        (shield currently unavailable)
rNeg    + + .        c - +2 robe {rF+}
rPois   inf          (no helmet)
rElec   +            e - +1 cloak
rCorr   .            (no gloves)
SInv    .            (no boots)
Will    .....        f - amulet of regeneration
Stlth   ++           b - ring of positive energy
HPRegen 1.06/turn    (no ring)
MPRegen 0.10/turn

%: no passive effects
@: no status effects
A: sickness immunity, AC +4, negative energy resistance 1, electricity
resistance, torment resistance 1, petrification resistance
a: no special abilities


You were on level 5 of the Dungeon.
You visited 1 branch of the dungeon, and saw 5 of its levels.

You collected 220 gold pieces.


Innate Abilities, Weirdness & Mutations

You are immune to sickness and miasma.
Your stone body is resilient. (AC +4)
You are immune to poison.
You resist negative energy. (rN+)
You are resistant to electric shocks. (rElec)
You are resistant to unholy torment.
You are immune to petrification.


   Skills:
 - Level 4.0 Fighting
 - Level 7.0 Ranged Weapons
 - Level 1.4 Armour
 + Level 1.5 Dodging
 - Level 1.1 Stealth


You had 5 spell levels left.
You didn't know any spells.
Your spell library was empty.

Inventory:

Hand Weapons
 Y - a +1 shortbow (weapon)
Armour
 c - a +2 robe of fire resistance (worn)
 e - a +1 cloak (worn)
Jewellery
 b - a ring of positive energy (left hand)
 f - an amulet of regeneration (around neck)
Scrolls
 a - a scroll of identify
Potions
 h - a potion of mutation
 j - a potion of enlightenment {unknown}
 k - a potion of might

Dungeon Overview and Level Annotations

Branches:
Dungeon (5/15)
 Temple: D:4-7

Altars:
Ashenzari


Message History

The magic dart hits you. The orc closely misses you.
The scorpion barely misses you.
You shoot an arrow. The arrow barely misses the orc wizard.
The gnoll closely misses you.
The gnoll hits you from afar with a +0 spear.
The orc priest hits you with a +0 whip. The iguana bites you.
The scorpion misses you.
The orc wizard hits you but does no damage.
The orc closely misses you.
2624 ||| DRINKING potion of heal wounds.
You feel much better.
The scorpion stings you but does no damage.
The gnoll closely misses you. The orc priest closely misses you.
The gnoll closely misses you. The iguana bites you. The orc closely misses you.
The orc wizard hits you with a +0 dagger.
You shoot an arrow. The arrow hits the orc wizard.
The orc wizard is lightly wounded.
The scorpion stings you but does no damage.
The gnoll hits you from afar with a +0 spear.
The orc priest barely misses you. The iguana closely misses you.
The gnoll closely misses you. The orc misses you.
The orc wizard barely misses you.
You shoot an arrow.
The arrow closely misses the orc wizard.
The scorpion stings you. The gnoll closely misses you.
The orc priest hits you but does no damage.
The iguana bites you. The gnoll barely misses you.
The orc wizard closely misses you. The orc hits you but does no damage.
The scorpion stings you.
You shoot an arrow.
The arrow completely misses the orc wizard.
The gnoll hits you but does no damage. The orc priest closely misses you.
The iguana misses you.
The gnoll hits you from afar with a +0 spear.
The orc wizard hits you but does no damage.
The orc hits you but does no damage. The scorpion stings you.
You shoot an arrow. The arrow hits the orc wizard.
The orc wizard is moderately wounded.
The gnoll closely misses you. The scorpion stings you.
You die...

........##..
............
#...........#
#....:......
#..........#
#......ogg.
#.)...gol#
##......s@##
#......goo.#
#..........#
#.....<..$.#
#..........#
#.............
##.............
##............
#############


You could see a scorpion, an iguana, an orc priest, an orc wizard, 4 gnolls and
2 orcs.

Vanquished Creatures
  An ogre (D:4)
  2 jellies (D:4)
  An orc wizard (D:3)
  7 gnolls
  5 adders
  A worm (D:2)
  3 dart slugs
  5 orcs
  2 endoplasms
  8 giant cockroaches
  4 goblins
  8 hobgoblins
  8 jackals (D:1)
  A quokka (D:3)
  8 ball pythons
  2 bats
  3 frilled lizards (D:2)
  9 kobolds
  5 rats
83 creatures vanquished.

Notes
Turn   | Place    | Note
-------+----------+-------------------------------------------
     0 | D:1      | qw the Gargoyle Hunter began the quest for the Orb.
     0 | D:1      | Reached XP level 1. HP: 12/12 MP: 1/1
     0 | D:1      | 0 ||| qw: Version: 0.3-a-76-g4403597
     0 | D:1      | 0 ||| qw: Game counter: 271
     0 | D:1      | 0 ||| qw: Melee chars always use a shield: true
     0 | D:1      | 0 ||| qw: God list: Okawaru
     0 | D:1      | 0 ||| qw: Allow faded altars: false
     0 | D:1      | 0 ||| qw: Do Orc after clearing Dungeon:15 true
     0 | D:1      | 0 ||| qw: Do second Lair branch before Depths: true
     0 | D:1      | 0 ||| qw: Lair rune preference: random
     0 | D:1      | 0 ||| qw: Goals: Normal
     0 | D:1      | 0 ||| PLANNING D:1-11
    75 | D:1      | Reached XP level 2. HP: 17/17 MP: 2/2
   366 | D:1      | Reached XP level 3. HP: 21/21 MP: 3/3
   407 | D:1      | Reached skill level 5 in Ranged Weapons
   441 | D:1      | Found a faded altar of an unknown god.
   562 | D:1      | 562 ||| UPGRADING to +0 ring mail.
   572 | D:1      | 572 ||| DROPPING +0 leather armour.
   573 | D:1      | 573 ||| READING scroll labelled VAOMIJ ZEMPOUV.
   574 | D:1      | 574 ||| READING scroll labelled GAAXUMP ARE QOI.
   575 | D:1      | 575 ||| READING scroll labelled VOMOIS XIYBLA.
   576 | D:1      | 576 ||| DRINKING 3 bubbling cyan potions.
   577 | D:1      | 577 ||| DROPPING scroll of butterflies.
   578 | D:1      | 578 ||| DROPPING 2 potions of brilliance.
   640 | D:2      | Found a broken altar of Ashenzari.
   752 | D:2      | Reached skill level 1 in Armour
   978 | D:2      | Reached XP level 4. HP: 27/27 MP: 4/4
  1077 | D:2      | Reached skill level 3 in Fighting
  1214 | D:2      | 1214 ||| UPGRADING to amulet of regeneration.
  1219 | D:2      | 1219 ||| UPGRADING to ring of positive energy.
  1220 | D:2      | 1220 ||| READING scroll labelled BOVVEY GUTI.
  1225 | D:2      | 1225 ||| DRINKING 2 amethyst potions.
  1226 | D:2      | 1226 ||| DRINKING 2 yellow potions.
  1227 | D:2      | 1227 ||| READING 3 scrolls of identify.
  1227 | D:2      | 1227 ||| IDENTIFYING grey potion
  1228 | D:2      | 1228 ||| READING 2 scrolls of identify.
  1228 | D:2      | 1228 ||| IDENTIFYING fuming green potion
  1229 | D:2      | 1229 ||| DROPPING potion of attraction.
  1230 | D:2      | 1230 ||| DROPPING potion of degeneration.
  1411 | D:3      | 1411 ||| RETREATING.
  1420 | D:3      | Reached XP level 5. HP: 32/32 MP: 5/5
  1866 | D:3      | Reached skill level 6 in Ranged Weapons
  2045 | D:3      | 2045 ||| UPGRADING to +2 robe of fire resistance.
  2055 | D:3      | 2055 ||| UPGRADING to +0 cloak.
  2060 | D:3      | 2060 ||| DROPPING +0 ring mail.
  2061 | D:3      | 2061 ||| READING scroll of enchant armour.
  2061 | D:3      | 2061 ||| ENCHANTING +0 cloak.
  2062 | D:3      | 2062 ||| READING scroll labelled MUPOTH QULUNYGH.
  2063 | D:3      | 2063 ||| READING scroll labelled IQAPPE TEUNTI.
  2066 | D:3      | 2066 ||| READING scroll labelled JUIWY LODYOP.
  2067 | D:3      | 2067 ||| READING 2 scrolls of identify.
  2067 | D:3      | 2067 ||| IDENTIFYING pink potion
  2217 | D:4      | Reached XP level 6. HP: 38/38 MP: 6/6
  2493 | D:4      | HP: 2/38 [ogre/+0 giant club (18)]
  2494 | D:4      | 2494 ||| DRINKING 2 potions of heal wounds.
  2503 | D:4      | Reached skill level 7 in Ranged Weapons
  2601 | D:4      | 2601 ||| DROPPING ring of wizardry.
  2602 | D:4      | 2602 ||| READING 2 scrolls of identify.
  2602 | D:4      | 2602 ||| IDENTIFYING viscous golden potion
  2603 | D:4      | 2603 ||| DROPPING potion of invisibility.
  2613 | D:5      | Entered Level 5 of the Dungeon
  2615 | D:5      | 2615 ||| RETREATING.
  2623 | D:5      | HP: 7/38 [iguana (5)]
  2624 | D:5      | 2624 ||| DRINKING potion of heal wounds.
  2627 | D:5      | HP: 3/38 [gnoll/+0 spear (4)]
  2627 | D:5      | HP: 1/38 [scorpion (2)]
  2628 | D:5      | Slain by a scorpion

Levels and vault maps discovered:
D:1:      sevenhm_arrival_forest_fort_large_4, layout_rooms,
          chequers_ecumenical_altar_simple_redux
D:2:      layout_basic, basic_altar, nicolae_twisty_statue_hallways
D:3:      layout_loops_corners, minmay_box_of_dots
D:4:      layout_rooms
D:5:      layout_rooms, minmay_temple_entry_from_below_a,
          guppyfry_early_lair_pool

Skill      XL: |  1  2  3  4  5  6 |
---------------+-------------------+-----
Ranged Weapons | 5 6 7 |  7.0
Armour         | 1 |  1.4
Fighting       | 3 4 |  4.0
Dodging        | |  1.5
Stealth        | |  1.1

Action                     |  1- 3 |  4- 6 || total
---------------------------+-------+-------++-------
   Fire: Shortbow          |   145 |   167 ||   312
    Use: Scroll            |     3 |     9 ||    12
         Potion            |     1 |     4 ||     5
 Armour: Leather armour    |    31 |       ||    31
         Ring mail         |    11 |    41 ||    52
         Robe              |       |    51 ||    51
  Dodge: Dodged            |    42 |    95 ||   137

Table legend:
 A = Non-vault XP
 B = Vault XP
 C = Vault XP percentage of total XP
 D = Non-vault monster count
 E = Vault monster count
 F = Vault count percentage of total count
                 A         B        C        D         E       F
            +---------+---------+-------+---------+---------+-------
      Total |     530 |       5 |   0.9 |      81 |       2 |   2.4
            +---------+---------+-------+---------+---------+-------
        D:1 |      48 |       0 |   0.0 |      27 |       0 |   0.0
        D:2 |      97 |       0 |   0.0 |      21 |       0 |   0.0
        D:3 |      96 |       5 |   5.0 |      17 |       2 |  10.5
        D:4 |     289 |       0 |   0.0 |      16 |       0 |   0.0
            +---------+---------+-------+---------+---------+-------
